 Dungeon Crawl Stone Soup version 0.29.1-1-gd02db6906a (webtiles) character file.

Game seed: 11233472819800750263

363 gzilladon the Chopper (level 6, 0/47 (53) HPs)
             Began as a Hill Orc Monk on Sept 26, 2022.
             Was a Believer of Beogh.
             Slain by a necrophage (1 damage)
             ... on level 5 of the Dungeon.
             The game lasted 00:16:43 (4134 turns).

gzilladon the Chopper (Hill Orc Monk)               Turns: 4134, Time: 00:16:44

HP:   0/47 (53)     AC:  6    Str: 22    XL:     6   Next: 67%
MP:   7/7           EV:  9    Int: 10    God:    Beogh [**....]
Gold: 124           SH:  7    Dex: 13    Spells: 5/5 levels left

rFire   . . .      SeeInvis .   a - +0 hand axe
rCold   . . .      Faith    .   n - +0 kite shield
rNeg    . . .      Spirit   .   g - +0 scale mail
rPois   .          Reflect  .   (no helmet)
rElec   .          Harm     .   (no cloak)
rCorr   .          Rampage  .   (no gloves)
Will    .....                   (no boots)
Stlth   ..........              r - amulet of regeneration
HPRegen 0.95/turn               t - +6 ring of strength
MPRegen 0.10/turn               (no ring)

@: weakened, heavily drained
A: no striking features
a: Renounce Religion, Smiting


You were on level 5 of the Dungeon.
You worshipped Beogh.
Beogh was pleased with you.
You visited 1 branch of the dungeon, and saw 5 of its levels.

You collected 124 gold pieces.

Inventory:

Hand Weapons
 a - a +0 hand axe (weapon)
Missiles
 d - 43 stones (quivered)
 w - 4 poisoned darts
Armour
 b - a +0 robe
 f - a +0 ring mail
 g - a +0 scale mail (worn)
 n - a +0 kite shield (worn)
 q - a +0 scale mail
Jewellery
 r - an amulet of regeneration (around neck)
 t - a +6 ring of strength (left hand)
Scrolls
 e - 2 scrolls of noise {unknown}
 h - 4 scrolls of identify {unknown}
 i - a scroll of enchant weapon {unknown}
 m - a scroll of fear {unknown}
 p - a scroll of blinking {unknown}
 v - a scroll of amnesia {unknown}
 x - a scroll of teleportation {unknown}
Potions
 j - a potion of heal wounds {unknown}
 k - a potion of haste {unknown}
 o - a potion of resistance {unknown}
 s - a potion of brilliance {unknown}
 u - 2 potions of curing


   Skills:
 + Level 4.7 Fighting
 * Level 6.7 Axes
 + Level 3.2 Armour
 + Level 3.0 Dodging
 - Level 1.5 Stealth
 + Level 1.2 Shields
 * Level 1.9 Invocations


You had 5 spell levels left.
You didn't know any spells.
Your spell library contained the following spells:

 Spells                   Type           Power      Damage    Failure   Level
 Leda's Liquefaction      Hex/Erth       0%         N/A       100%        4
 Lee's Rapid Deconstruct  Erth           0%         3d5*      100%        5
 Statue Form              Tmut/Erth      0%         N/A       100%        6


Dungeon Overview and Level Annotations

Branches:
Dungeon (5/15)
 Temple: D:4-7

Altars:
Gozag


Message History

Beogh accepts your kill.
You barely miss the necrophage.
You hit the gnoll bouda but do no damage.
You barely miss the gnoll. The gnoll hits you with a +0 whip.
The gnoll bouda barely misses you. The necrophage hits you.
The gnoll hits you with a +0 whip. You block the hound's attack.
You miss the hound.
You hit the necrophage but do no damage.
You closely miss the gnoll bouda. You hit the gnoll but do no damage.
The necrophage hits you.
You feel drained.
The gnoll bouda hits you but does no damage.
You block the gnoll's attack. The hound barely misses you.
You block the gnoll's attack. The necrophage hits you.
* * * LOW HITPOINT WARNING * * *
You feel drained.
* * * LOW HITPOINT WARNING * * *
The gnoll bouda barks out a call to the hunt!
The gnoll picks up the pace!
It was a potion of magic.
Magic courses through your body. The hound bites you but does no damage.
The gnoll barely misses you. The hound bites you.
* * * LOW HITPOINT WARNING * * *
You block the gnoll's attack. The gnoll bouda misses you.
The necrophage hits you.
* * * LOW HITPOINT WARNING * * *
It was a potion of cancellation.
Your magical effects are unravelling.
You feel magically purged.
Your attacks no longer feel as feeble.
The gnoll hits you but does no damage. The hound bites you but does no damage.
The gnoll hits you with a +0 whip.
* * * LOW HITPOINT WARNING * * *
The gnoll bouda gazes fiercely through you!
You feel your attacks grow feeble.
The gnoll bouda hits you with a +0 club.
* * * LOW HITPOINT WARNING * * *
The necrophage hits you.
* * * LOW HITPOINT WARNING * * *
You feel drained.
You die...

#h##.##..g.###.##.##.##.#
#n##.##.##..gg.##.##.##.#
#.##g...##.######g##..#.#
#.##.##.##.# #.###.#.#
#g##.##.#### #.g.g...#
#..g.......##....####g###
####.###....##... #.#
##.###g...♣#... #.#
#...gh@..♣ #..$ #g#
#.###n)g..♣#... .g. #.
#.....##... #.# #.
#....## #g# #. ###### g.#
#. #.


You could see a necrophage, a gnoll bouda, a hound and 2 gnolls.

Vanquished Creatures
  A phantom (D:2)
  2 orc priests
  An iguana (D:5)
  4 orc wizards
  2 gnolls (D:5)
  5 adders
  A worm (D:2)
  A dart slug (D:4)
  3 orcs
  4 bats
  4 endoplasms
  4 giant cockroaches
  2 hobgoblins (D:4)
  6 jackals
  A quokka (D:4)
  3 ball pythons
  6 goblins
  3 kobolds
  A rat (D:3)
54 creatures vanquished.

Vanquished Creatures (others)
  An orc (D:3)
  A ball python (D:3)
  A goblin (D:3)
  A quokka (D:3)
  A rat (D:3)
5 creatures vanquished.

Grand Total: 59 creatures vanquished

Notes
Turn   | Place    | Note
-------+----------+-------------------------------------------
     0 | D:1      | gzilladon the Hill Orc Monk began the quest for the Orb.
     0 | D:1      | Reached XP level 1. HP: 19/19 MP: 1/1
   335 | D:2      | Reached XP level 2. HP: 26/27 MP: 2/2
   656 | D:3      | Became a worshipper of Beogh the Brigand
   656 | D:3      | Reached * piety under Beogh
   656 | D:3      | Reached ** piety under Beogh
   684 | D:3      | Reached XP level 3. HP: 13/33 MP: 3/3
  1084 | D:2      | Reached skill level 5 in Axes
  2011 | D:2      | Reached skill level 1 in Armour
  2011 | D:2      | Reached XP level 4. HP: 22/40 MP: 4/4
  3043 | D:4      | Noticed a phantom
  3243 | D:2      | Killed a phantom
  3244 | D:2      | Reached XP level 5. HP: 44/47 MP: 5/5
  3437 | D:4      | Reached skill level 6 in Axes
  3763 | D:4      | Found an opulent altar of Gozag.
  3900 | D:5      | Entered Level 5 of the Dungeon
  3958 | D:5      | Reached skill level 1 in Shields
  3958 | D:5      | Reached skill level 1 in Invocations
  3958 | D:5      | Reached XP level 6. HP: 52/53 MP: 6/6
  4134 | D:5      | HP: 1/49 [necrophage (5)]
  4134 | D:5      | Slain by a necrophage

Illustrated notes

Levels and vault maps discovered:
D:1:      amcnicky_arrival_single_pillar, layout_loops_cross
D:2:      layout_basic
D:3:      layout_basic
D:4:      layout_basic, overflow_temple_1_default
D:5:      cheibrodos_two_vegetables, layout_loops_cross, gammafunk_ghost_arena,
          nicolae_ossuary_entry_plus, portal_sewer_entry_c, kennysheep_donut,
          corexii_hall_statues_l, kennysheep_nub, dk_noncrumbling_2

Skill      XL: |  1  2  3  4  5  6 |
---------------+-------------------+-----
Fighting       | 4 |  4.7
Axes           | 5 6 |  6.7
Armour         | 1 2 3 |  3.2
Shields        | 1 |  1.2
Invocations    | 1 |  1.9
Dodging        | 3 |  3.0
Stealth        | |  1.5

Action                   |  1- 3 |  4- 6 || total
-------------------------+-------+-------++-------
Melee: Hand axe          |   106 |   137 ||   243
Invok: Convert to Beogh  |     1 |       ||     1
  Use: Potion            |     1 |     2 ||     3
 Stab: Sleeping          |     1 |       ||     1
Armor: Robe              |     9 |       ||     9
       Ring mail         |    14 |       ||    14
       Scale mail        |    38 |    72 ||   110
Dodge: Dodged            |    57 |    67 ||   124
Block: Kite shield       |    13 |    49 ||    62
